 Dungeon Crawl Stone Soup version 0.28.0-45-g0d030f2227 (webtiles) character file.

Game seed: 4843158541400213225

36085 Eitelfritz the Carver (level 13, -1/108 (114) HPs)
             Began as a Minotaur Gladiator on Apr 19, 2022.
             Was an Elder of Okawaru.
             Slain by Rupert
             ... wielding a +1 great mace of draining
              (11 damage)
             ... while paralysed by Rupert
             ... on level 11 of the Dungeon.
             The game lasted 00:29:15 (14642 turns).

Eitelfritz the Carver (Minotaur Gladiator)         Turns: 14642, Time: 00:29:16

HP:   -1/108 (114)  AC: 29    Str: 27    XL:     13   Next: 51%
MP:   20/21         EV:  2    Int:  7    God:    Okawaru [****..]
Gold: 632           SH:  0    Dex: 16    Spells: 24/24 levels left

rFire   . . .      SeeInvis .   a - +0 scimitar (protect)
rCold   . . .      Faith    .   (no shield)
rNeg    + . .      Spirit   .   L - +4 chain mail of Exclusion {+Inv Fly Dex+3}
rPois   .          Reflect  .   c - +0 hat
rElec   .          Harm     .   (no cloak)
rCorr   .          Rampage  .   A - +0 pair of gloves
Will    .....                   h - +2 pair of boots
Stlth   ..........              N - amulet of the acrobat
HPRegen 0.28/turn               u - +6 ring of strength
MPRegen 0.17/turn               J - ring of positive energy

@: confused, paralysed, heroic, under a protective aura, flying, drained
A: horns 2, retaliatory headbutt
a: Renounce Religion, Evoke Invisibility, Heroism, Finesse


You were on level 11 of the Dungeon.
You worshipped Okawaru.
Okawaru was greatly pleased with you.
You visited 2 branches of the dungeon, and saw 13 of its levels.

You collected 632 gold pieces.

Inventory:

Hand Weapons
 a - a +0 scimitar of protection (weapon)
 b - a +0 shortbow
 m - a +1 long sword
 H - a +0 great sword
Missiles
 d - 3 throwing nets
 g - 7 atropa-tipped darts
 j - 256 arrows
 s - 13 poisoned darts
 B - 4 javelins (quivered)
 C - 2 curare-tipped darts
Armour
 c - a +0 hat (worn)
 h - a +2 pair of boots (worn)
 r - a +0 buckler
 w - a +4 ring mail of fire resistance
 A - a +0 pair of gloves (worn)
 F - +0 acid dragon scales
 L - the +4 chain mail of Exclusion (worn) {+Inv Fly Dex+3}
   (You found it on level 11 of the Dungeon)

   Dex:       It affects your dexterity (+3).
   +Inv:      It lets you turn invisible.
   Fly:       It grants you flight.
Jewellery
 q - a ring of ice
 u - a +6 ring of strength (left hand)
 v - a +6 ring of intelligence
 J - a ring of positive energy (right hand)
 N - an amulet of the acrobat (around neck)
 O - a ring of flight
Wands
 k - a wand of flame (28)
 y - a wand of iceblast (22)
 D - a wand of mindburst (4)
 E - a wand of polymorph (14)
 G - a wand of paralysis (8)
 S - a wand of acid (4)
Scrolls
 e - 3 scrolls of teleportation
 p - a scroll of amnesia
 z - 2 scrolls of brand weapon
 I - a scroll of blinking {unknown}
Potions
 f - 9 potions of curing
 i - 2 potions of attraction
 l - 3 potions of heal wounds
 n - 3 potions of berserk rage
 o - 2 potions of might
 t - 6 potions of flight
 x - a potion of magic {unknown}
 K - 2 potions of invisibility
 M - a potion of resistance {unknown}
 Q - a potion of ambrosia {unknown}


   Skills:
 + Level 10.5(15.5) Fighting
 + Level 14.1(19.1) Long Blades
 + Level 6.4(11.4) Bows
 + Level 4.2(9.2) Throwing
 + Level 8.9(13.9) Armour
 + Level 8.0(13.0) Dodging
 + Level 3.7(8.7) Stealth
 + Level 2.4(7.4) Unarmed Combat
 + Level 6.1 Spellcasting
 + Level 6.0 Invocations
 * Level 2.7 Evocations


You had 24 spell levels left.
You didn't know any spells.
Your spell library contained the following spells:

 Spells                   Type           Power      Damage    Failure   Level
 Freeze                   Ice            8%         1d3       67%         1
 Magic Dart               Conj           8%         1d3       67%         1
 Ensorcelled Hibernation  Hex/Ice        4%         N/A       82%         2
 Passwall                 Tmut/Erth      1%         N/A       82%         2
 Searing Ray              Conj           4%         2d4       82%         2
 Dazzling Flash           Conj/Hex       4%         N/A       96%         3
 Frozen Ramparts          Ice            4%         1d2       96%         3
 Mephitic Cloud           Conj/Pois/Air  2%         N/A       96%         3
 Portal Projectile        Hex/Tloc       4%         N/A       96%         3
 Swiftness                Air            2%         N/A       96%         3
 Cause Fear               Hex            1%         N/A       100%        4
 Fulminant Prism          Conj/Hex       1%         3d6       100%        4
 Hailstorm                Conj/Ice       2%         3d3       100%        4
 Iskenderun's Mystic Bla  Conj/Tloc      2%         2d3       100%        4
 Leda's Liquefaction      Hex/Erth       1%         N/A       100%        4
 Agony                    Necr           2%         N/A       100%        5
 Silence                  Hex/Air        1%         N/A       100%        5
 Starburst                Conj/Fire      1%         6d3       100%        6
 Dragon Form              Tmut           1%         N/A       100%        7
 Call Imp                 Summ           Unusable   N/A       N/A         2
 Call Canine Familiar     Summ           Unusable   N/A       N/A         3
 Dragon's Call            Summ           Unusable   N/A       N/A         9

Dungeon Overview and Level Annotations

Branches:
Dungeon (12/15)            Temple (1/1) D:6            Lair (0/6) D:11
    Orc (0/2) D:12

Altars:
Ashenzari
Cheibriados
Dithmenos
Elyvilon
Fedhas
Gozag
Hepliaklqana
Kikubaaqudgha
Makhleb
Nemelex Xobeh
Okawaru
Qazlal
Ru
Sif Muna
Trog
Uskayaw
Vehumet
Wu Jian
Xom
Yredelemnul
Zin
The Shining One

Shops:
D:4 *

Portals:
Trove: D:10 (give +4 fire dragon scales)

Annotations:
D:10 2 transporters, CryoSword's ghost, journeyman GrEE
D:11 Rupert


Innate Abilities, Weirdness & Mutations

You have a pair of horns on your head.
You reflexively headbutt those who attack you in melee.


Message History

The skeletal warrior hits you with a +0 war axe!
Rupert hits you with a +1 great mace of draining!!
You partially resist.
You feel drained.
You fly upwards.
There is a stone staircase leading down here.
You gain the combat prowess of a mighty hero.
You can no longer enter into single combat with a foe.
Okawaru will no longer gift you equipment.
The skeletal warrior hits you with a +0 war axe!
Rupert shouts, "I'm a great and powerful hero!"
Rupert hits you with a +1 great mace of draining.
You partially resist.
You feel drained.
You hit the skeletal warrior but do no damage.
Your weapon exudes an aura of protection.
The skeletal warrior hits you with a +0 war axe!
Rupert yells loudly at you.
You are confused.
You slice Rupert!! Your headbutt misses Rupert.
Rupert is lightly wounded.
The skeletal warrior hits you with a +0 war axe.
You slice Rupert!! Your headbutt misses Rupert.
Rupert is moderately wounded.
Rupert yells loudly at you.
You suddenly lose the ability to move!
The skeletal warrior hits you with a +0 war axe!
* * * LOW HITPOINT WARNING * * *
Rupert hits you but does no damage. You partially resist.
The skeletal warrior hits you but does no damage.
Rupert yells loudly at you.
You shrug off the repeated paralysis!
The skeletal warrior hits you but does no damage.
Rupert roars madly and goes into a rage!
Rupert goes berserk!
Rupert hits you with a +1 great mace of draining!
* * * LOW HITPOINT WARNING * * *
You partially resist.
You feel drained.
The skeletal warrior hits you with a +0 war axe!
* * * LOW HITPOINT WARNING * * *
Rupert hits you with a +1 great mace of draining!
You die...

.....#......#........#.......#
.....#......#........#.......#
######......#'########.......#
.............................#
...............#####.........#
#####....###.................#
#........................#
#.........)..^...........#
#####...........@............#
......!........@.z...........#
.............................#
##############################


You could see Rupert (berserk) and a skeletal warrior.

Vanquished Creatures
  A boulder beetle (D:12)
  A two-headed ogre (D:10)
  The ghost of Ablot the Slicer, a novice GnCK of Xom (D:8)
  3 death yaks (D:10)
  2 skeletal warriors (D:12)
  A deep elf pyromancer (D:12)
  An ugly thing (D:11)
  A manticore (D:10)
  A kobold demonologist (D:9)
  Maggie (D:8)
  2 yaktaurs (D:12)
  2 slime creatures (D:6)
  Grinder (D:3)
  4 wraiths
  A vampire (D:12)
  2 shadows (D:11)
  13 yaks
  2 wyverns (D:8)
  A steam dragon (D:8)
  6 vampire mosquitoes
  An acid dragon (D:12)
  2 water moccasins
  A hornet zombie (D:7)
  A necrophage (D:7)
  4 orc warriors
  2 black bears
  5 centaurs
  An ogre (D:7)
  2 phantoms (D:6)
  Blork the orc (D:5)
  2 bullfrogs
  A gnoll sergeant (D:9)
  5 kobold brigands (D:6)
  A scorpion (D:5)
  A water moccasin zombie (D:7)
  5 killer bees (D:8)
  A water moccasin skeleton (D:5)
  A howler monkey (D:4)
  12 wights
  2 centaur zombies (D:8)
  A bullfrog zombie (D:5)
  A centaur skeleton (D:7)
  11 orc priests
  3 hounds
  3 jellies
  2 iguanas
  13 orc wizards
  A hound skeleton (D:5)
  Robin (D:3)
  2 howler monkey zombies
  5 gnolls (D:9)
  8 adders
  A shadow imp (D:7)
  4 worms
  4 dart slugs
  39 orcs
  15 endoplasms
  3 giant cockroaches
  10 goblins
  10 hobgoblins
  3 jackals (D:3)
  4 quokkas
  6 ball pythons
  7 bats
  3 frilled lizards
  A jackal skeleton (D:2)
  13 kobolds
  A quokka skeleton (D:2)
  11 rats
284 creatures vanquished.

Vanquished Creatures (others)
  An orc wizard (D:9)
  4 fungi (D:6)
  9 toadstools (D:6)
  2 withered plants (D:2)
16 creatures vanquished.

Grand Total: 300 creatures vanquished

Notes
Turn   | Place    | Note
-------+----------+-------------------------------------------
     0 | D:1      | Eitelfritz the Minotaur Gladiator began the quest for the
                  | Orb.
     0 | D:1      | Reached XP level 1. HP: 18/18 MP: 0/0
   264 | D:1      | Reached XP level 2. HP: 25/25 MP: 1/1
   322 | D:1      | You fall into a shaft and drop 1 floor!
   457 | D:2      | Reached skill level 4 in Long Blades
   514 | D:2      | Reached XP level 3. HP: 30/30 MP: 2/2
   527 | D:2      | Found a faded altar of an unknown god.
   538 | D:2      | Identified the +3 ring mail "Hoogolyx" {Drain rN+ Int+4}
  1170 | D:1      | Reached XP level 4. HP: 38/38 MP: 3/3
  1803 | D:3      | Reached skill level 5 in Long Blades
  1932 | D:3      | Noticed Robin
  1945 | D:2      | Reached skill level 1 in Armour
  2139 | D:3      | Killed Robin
  2399 | D:3      | Noticed Grinder
  2414 | D:3      | Paralysed by Grinder for 5 turns
  2420 | D:3      | Killed Grinder
  2421 | D:3      | Reached skill level 6 in Long Blades
  2421 | D:3      | Reached XP level 5. HP: 36/46 MP: 4/4
  2421 | D:3      | Reached XP level 6. HP: 40/52 MP: 5/5
  3285 | D:4      | Found Siap's Gadget Gallery.
  3780 | D:5      | Entered Level 5 of the Dungeon
  3785 | D:5      | Reached XP level 7. HP: 56/60 MP: 6/6
  3785 | D:5      | Noticed Blork the orc
  3788 | D:5      | Reached skill level 7 in Long Blades
  3850 | D:5      | Killed Blork the orc
  4104 | D:5      | Found a large runed translucent door.
  4105 | D:5      | Found a large runed translucent door.
  4225 | D:5      | Reached skill level 5 in Fighting
  4225 | D:5      | Reached skill level 8 in Long Blades
  4250 | D:5      | Reached skill level 1 in Stealth
  4341 | D:5      | Reached skill level 5 in Armour
  4341 | D:5      | Reached XP level 8. HP: 47/67 MP: 7/7
  4815 | D:5      | Found a glowing silver altar of Zin.
  4831 | D:5      | Found a hazy altar of Hepliaklqana.
  4988 | D:6      | Reached skill level 5 in Dodging
  5014 | D:6      | Found a staircase to the Ecumenical Temple.
  5305 | D:6      | Reached skill level 9 in Long Blades
  5756 | D:6      | Reached XP level 9. HP: 53/75 MP: 8/8
  6051 | D:6      | Reached skill level 1 in Bows
  6306 | D:6      | Reached skill level 10 in Long Blades
  6658 | Temple   | Entered the Ecumenical Temple
  6817 | Temple   | Became a worshipper of Warmaster Okawaru
  7134 | D:7      | Reached skill level 1 in Invocations
  7447 | D:7      | Reached * piety under Okawaru
  7857 | D:7      | Found a shimmering blue altar of Sif Muna.
  8068 | D:8      | Noticed Maggie
  8080 | D:8      | Killed Maggie
  8081 | D:8      | Reached XP level 10. HP: 80/86 MP: 11/11
  8220 | D:8      | Reached ** piety under Okawaru
  8221 | D:8      | Reached skill level 11 in Long Blades
  8405 | D:8      | Reached skill level 5 in Bows
  8785 | D:8      | Found a runed translucent gate.
  8785 | D:8      | Found a runed translucent gate.
  8785 | D:8      | Found a runed translucent gate.
  8786 | D:8      | Found an opulent altar of Gozag.
  8787 | D:8      | Noticed Ablot's ghost (novice GnCK)
  9120 | D:8      | Found a basalt altar of Yredelemnul.
  9619 | D:9      | Reached *** piety under Okawaru
  9749 | D:9      | Found the +13 scythe of Curses {drain, Drain}
  9750 | D:9      | Noticed a two-headed ogre
  9750 | D:9      | Noticed a harpy
  9750 | D:9      | Noticed a centaur warrior
  9751 | D:9      | Noticed a guardian serpent
  9751 | D:9      | a harpy changed into a guardian serpent
 10339 | D:9      | Noticed a white ugly thing
 10340 | D:9      | Noticed a death drake
 10341 | D:9      | Noticed a white ugly thing
 10341 | D:9      | Noticed a fire dragon
 10342 | D:9      | Noticed a tengu warrior
 10402 | D:9      | Noticed a death drake
 10406 | D:9      | Noticed a salamander
 10406 | D:9      | a death drake changed into a salamander
 10845 | D:9      | Noticed a catoblepas
 10957 | D:8      | Killed Ablot's ghost
 10958 | D:8      | Reached skill level 12 in Long Blades
 11099 | D:9      | Noticed an entropy weaver
 11134 | D:10     | Entered Level 10 of the Dungeon
 11145 | D:10     | Noticed a manticore
 11153 | D:10     | Killed a manticore
 11153 | D:10     | Reached **** piety under Okawaru
 11154 | D:10     | Reached skill level 5 in Invocations
 11154 | D:10     | Reached XP level 11. HP: 78/95 MP: 13/13
 11299 | D:10     | Found a portal to a secret trove of treasure.
 11544 | D:10     | Found a transporter.
 11547 | D:10     | Found a bloodstained altar of Trog.
 11547 | D:10     | Noticed CryoSword's ghost (journeyman GrEE)
 11547 | D:10     | Noticed a tengu warrior
 11559 | D:10     | Noticed a two-headed ogre
 11622 | D:10     | Found a transporter.
 11647 | D:10     | Noticed a two-headed ogre
 11659 | D:10     | Killed a two-headed ogre
 11902 | D:11     | Noticed a death yak
 11914 | D:11     | Reached XP level 12. HP: 103/103 MP: 13/20
 11915 | D:11     | Reached XP level 13. HP: 111/111 MP: 13/21
 11964 | D:11     | Found a staircase to the Lair.
 12099 | D:10     | Reached skill level 13 in Long Blades
 12928 | D:11     | Identified the +4 chain mail of Exclusion {+Inv Fly Dex+3}
 13573 | D:12     | Found a staircase to the Orcish Mines.
 13589 | D:12     | Reached skill level 10 in Fighting
 13618 | D:12     | Received a gift from Okawaru
 13976 | D:12     | Reached ***** piety under Okawaru
 14294 | D:12     | Reached skill level 14 in Long Blades
 14306 | D:12     | Received a gift from Okawaru
 14322 | D:12     | Noticed Rupert
 14325 | D:12     | Paralysed by Rupert for 5 turns
 14638 | D:11     | Paralysed by Rupert for 7 turns
 14642 | D:11     | Slain by Rupert

Illustrated notes

Levels and vault maps discovered:
D:1:      ebering_hopf_link, layout_basic, st_stairs_5
D:2:      layout_loops_cross, ebering_ecumenical_altar_petrified,
          grunt_decor_resistance, st_stairs_11
D:3:      layout_rooms, uniq_grinder, uniq_robin
D:4:      layout_cave_pods, nicolae_concentric_dashed_squares_mild,
          nicolae_shop_gadgets
D:5:      layout_loops_ring, jmf_multi_god_temple2,
          chequers_serial_rivers_micro_c, uniq_blork_the_orc
D:6:      cheibrodos_fertilizer, layout_basic, temple_pool_b, chequers_avenue,
          kennysheep_crisscross, grunt_decor_fettered, corexii_leaking_fountain
D:7:      layout_basic, led_sif_book
D:8:      layout_cave_pods, lemuel_zombie_altar_yredelemnul,
          ebering_ghost_gozag, bh_walls_and_bars, uniq_maggie
D:9:      layout_loops_corners, serial_rivers, chequers_serial_rivers_small_3,
          chequers_serial_rivers_large_b, chequers_serial_rivers_large_a,
          chequers_serial_rivers_micro_d, chequers_serial_rivers_micro_c,
          chequers_serial_rivers_micro_a, grunt_ministairs_4, minivault_12
D:10:     layout_basic, gammafunk_ghost_wrathful_warriors,
          nicolae_trove_entry_crystal
D:11:     layout_stronghold, dpeg_lair_monsters
D:12:     layout_roguey, erik_orc_1, grunt_decor_one_mirror, uniq_rupert
Temple:   regret_index_temple_mists

Skill      XL: |  1  2  3  4  5  6  7  8  9 10 11 12 13 |
---------------+----------------------------------------+-----
Long Blades    | 4 6 8 9 10 12 14 | 14.1
Fighting       | 3 4 5 7 8 9 10 | 10.5
Dodging        | 4 5 6 7 8 |  8.0
Armour         | 2 3 5 6 7 8 |  8.9
Stealth        | 1 2 3 |  3.7
Throwing       | 3 4 |  4.2
Bows           | 4 5 6 |  6.4
Invocations    | 3 5 6 |  6.0
Spellcasting   | 6 |  6.1
Unarmed Combat | 2 |  2.4
Evocations     | 2 |  2.7

Action                   |  1- 3 |  4- 6 |  7- 9 | 10-12 | 13-15 || total
-------------------------+-------+-------+-------+-------+-------++-------
Melee: Long sword        |    63 |   147 |   116 |       |       ||   326
       Headbutt          |     6 |    30 |    55 |    44 |    73 ||   208
       Punch             |     1 |     1 |     7 |     2 |     7 ||    18
       Scimitar          |       |       |   156 |   205 |   222 ||   583
 Fire: Shortbow          |       |       |    48 |    28 |       ||    76
Throw: Javelin           |       |       |    16 |       |       ||    16
Invok: Heroism           |       |       |       |     2 |     3 ||     5
 Abil: Evoke Invisibilit |       |       |       |       |     1 ||     1
  Use: Scroll            |       |     7 |     5 |     5 |     3 ||    20
       Potion            |       |       |       |     2 |       ||     2
 Stab: Invisible         |       |       |       |       |     1 ||     1
Armor: Leather armour    |     4 |       |       |       |       ||     4
       Ring mail         |    15 |    60 |   131 |     5 |       ||   211
       Acid dragon scale |       |       |       |    95 |    21 ||   116
       Chain mail        |       |       |       |       |    83 ||    83
Dodge: Dodged            |    40 |    86 |   187 |   135 |    99 ||   547
